 Dungeon Crawl Stone Soup version 0.31.0-9-g3a7656b989 (webtiles) character file.

Game seed: 9931446386960917013

1134 qw the Markself (level 8, -4/45 HPs)
             Began as a Deep Elf Hunter on Feb 2, 2024.
             Incinerated by a bombardier beetle (5 damage)
             ... with a burning spray
             ... on level 5 of the Dungeon.
             The game lasted 00:00:15 (3442 turns).

qw the Markself (Deep Elf Hunter)                   Turns: 3442, Time: 00:00:15

Health: -4/45      AC: 11    Str: 10    XL:     8   Next: 14%
Magic:  10/10      EV: 11    Int: 15    God:
Gold:   40         SH:  0    Dex: 18    Spells: 7/7 levels left

rFire   . . .        a - +0 shortbow (flame)
rCold   . . .        (shield currently unavailable)
rNeg    . . .        g - +0 ring mail
rPois   .            k - +0 helmet
rElec   .            (no cloak)
rCorr   .            d - +1 pair of gloves
SInv    .            b - +2 pair of boots
Will    .....        (no amulet)
Stlth   +            (no ring)
HPRegen 0.27/turn    (no ring)
MPRegen 0.12/turn

%: no passive effects
@: on fire, glowing
A: no striking features
a: no special abilities


You were on level 5 of the Dungeon.
You visited 1 branch of the dungeon, and saw 5 of its levels.

You collected 193 gold pieces.
You spent 153 gold pieces at shops.


   Skills:
 + Level 2.4 Fighting
 - Level 18.5 Ranged Weapons
 - Level 2.1 Armour
 - Level 3.0 Dodging
 - Level 1.2 Stealth


You had 7 spell levels left.
You didn't know any spells.
Your spell library was empty.

Inventory:

Hand Weapons
 a - a +0 shortbow of flaming (weapon)
Armour
 b - a +2 pair of boots (worn)
 d - a +1 pair of gloves (worn)
 g - a +0 ring mail (worn)
 k - a +0 helmet (worn)
Scrolls
 n - 2 scrolls of teleportation
Potions
 c - 5 potions of curing
 e - 3 potions of heal wounds
 f - a potion of mutation
 h - a potion of enlightenment
 j - a potion of might {unknown}

Dungeon Overview and Level Annotations

Branches:
Dungeon (5/15)
 Temple: D:4-7

Altars:

Shops:
D:5 !*(


Message History

e - 3 potions of heal wounds (gained 2)
Found a long sword.
A bombardier beetle comes into view.
The bombardier beetle sprays incendiary fluid at you.
The burning spray hits you.
You are covered in liquid fire!
You shoot an arrow.
The arrow barely misses the bombardier beetle.
The liquid fire burns you!
You shoot an arrow. The arrow hits the bombardier beetle.
The arrow burns the bombardier beetle.
The bombardier beetle is heavily wounded.
The liquid fire burns you!
You shoot an arrow. The arrow hits the bombardier beetle.
The arrow burns the bombardier beetle.
The bombardier beetle is almost dead.
The liquid fire burns you!
You shoot an arrow. The arrow hits the bombardier beetle.
The arrow burns the bombardier beetle.
You kill the bombardier beetle!
The liquid fire burns you!
You are on fire!
The liquid fire burns you!
You are on fire!
The liquid fire burns you!
You are on fire!
The liquid fire burns you!
You are on fire!
The liquid fire burns you!
You are on fire!
The liquid fire burns you!
You are on fire!
The liquid fire burns you!
You are on fire!
The liquid fire burns you!
You are on fire!
The liquid fire burns you!
You are on fire!
The liquid fire burns you!
You die...

#........# .#
#.#...#..##.#
#..#.#...##.#
#...\...<##.#####
#..#.#...##......
##.#...#..##.#####
.#######.........##.# #
#).......#..........# #
.#######@........##.#####
..........#####.........
########### ####.#####
#.# #.# #.# #.. ###


There were no monsters in sight!

Vanquished Creatures
  A black bear (D:4)
  An ogre (D:4)
  A phantom (D:4)
  A howler monkey (D:5)
  3 bombardier beetles
  A sleepcap (D:4)
  A hound (D:5)
  An iguana (D:4)
  Robin (D:3)
  6 adders
  A white imp (D:3)
  A ribbon worm (D:2)
  4 dart slugs
  5 orcs
  6 ball pythons
  4 endoplasms
  4 giant cockroaches
  12 goblins
  14 hobgoblins
  5 jackals
  A quokka (D:3)
  4 bats
  4 frilled lizards
  8 kobolds
  13 rats
103 creatures vanquished.

Notes
Turn   | Place    | Note
-------+----------+-------------------------------------------
     0 | D:1      | qw the Deep Elf Hunter began the quest for the Orb.
     0 | D:1      | Reached XP level 1. HP: 12/12 MP: 3/3
     0 | D:1      | 0 ||| qw: Version: 0.3-a-155-g5e7d8dd
     0 | D:1      | 0 ||| qw: Game counter: 133
     0 | D:1      | 0 ||| qw: Melee chars always use a shield: true
     0 | D:1      | 0 ||| qw: God list: Okawaru
     0 | D:1      | 0 ||| qw: Allow faded altars: false
     0 | D:1      | 0 ||| qw: Do Orc after clearing Dungeon:15 true
     0 | D:1      | 0 ||| qw: Do second Lair branch before Depths: true
     0 | D:1      | 0 ||| qw: Lair rune preference: random
     0 | D:1      | 0 ||| qw: Goals: Normal
     0 | D:1      | 0 ||| PLANNING D:1-11
    33 | D:1      | Reached skill level 6 in Ranged Weapons
    33 | D:1      | Reached XP level 2. HP: 16/16 MP: 4/4
   323 | D:1      | Reached XP level 3. HP: 20/20 MP: 5/5
   466 | D:1      | 466 ||| READING 2 scrolls labelled GUAC WOSUI.
   466 | D:1      | 466 ||| IDENTIFYING fuming cyan potion
   467 | D:1      | 467 ||| READING scroll of identify.
   467 | D:1      | 467 ||| IDENTIFYING yellow potion
   468 | D:1      | 468 ||| READING scroll labelled YTUMPAA VITAK.
   471 | D:1      | 471 ||| READING scroll labelled SASEZUCUPI.
   472 | D:1      | 472 ||| DROPPING scroll of butterflies.
   473 | D:1      | 473 ||| DROPPING potion of invisibility.
   519 | D:2      | HP: 5/20 [poisoned by an adder]
   520 | D:2      | Reached skill level 7 in Ranged Weapons
   595 | D:2      | Found a faded altar of an unknown god.
   724 | D:2      | 724 ||| FLEEEEING.
   726 | D:2      | 726 ||| FLEEEEING.
   727 | D:2      | 727 ||| FLEEEEING.
   729 | D:2      | 729 ||| FLEEEEING.
   781 | D:2      | Reached XP level 4. HP: 25/25 MP: 6/6
  1146 | D:2      | 1146 ||| UPGRADING to +0 pair of gloves.
  1151 | D:2      | 1151 ||| READING scroll labelled MEQE IZYKHU.
  1152 | D:2      | 1152 ||| READING scroll labelled QAT QUUTAM.
  1153 | D:2      | 1153 ||| READING scroll labelled RIFOAF ZAHI.
  1483 | D:3      | 1483 ||| FLEEEEING.
  1484 | D:3      | 1484 ||| FLEEEEING.
  1485 | D:3      | 1485 ||| FLEEEEING.
  1486 | D:3      | 1486 ||| FLEEEEING.
  1487 | D:3      | 1487 ||| FLEEEEING.
  1488 | D:3      | 1488 ||| FLEEEEING.
  1489 | D:3      | 1489 ||| FLEEEEING.
  1490 | D:3      | 1490 ||| FLEEEEING.
  1491 | D:3      | 1491 ||| FLEEEEING.
  1492 | D:3      | 1492 ||| FLEEEEING.
  1493 | D:3      | 1493 ||| FLEEEEING.
  1494 | D:3      | 1494 ||| FLEEEEING.
  1495 | D:3      | 1495 ||| FLEEEEING.
  1496 | D:3      | 1496 ||| FLEEEEING.
  1497 | D:3      | 1497 ||| FLEEEEING.
  1498 | D:3      | 1498 ||| FLEEEEING.
  1499 | D:3      | 1499 ||| FLEEEEING.
  1500 | D:3      | 1500 ||| FLEEEEING.
  1501 | D:3      | 1501 ||| FLEEEEING.
  1502 | D:3      | 1502 ||| FLEEEEING.
  1503 | D:3      | 1503 ||| FLEEEEING.
  1504 | D:3      | 1504 ||| FLEEEEING.
  1505 | D:3      | 1505 ||| FLEEEEING.
  1506 | D:3      | 1506 ||| FLEEEEING.
  1507 | D:3      | 1507 ||| FLEEEEING.
  1508 | D:3      | 1508 ||| FLEEEEING.
  1509 | D:3      | 1509 ||| FLEEEEING.
  1510 | D:3      | 1510 ||| FLEEEEING.
  1511 | D:3      | 1511 ||| FLEEEEING.
  1512 | D:3      | 1512 ||| FLEEEEING.
  1513 | D:3      | 1513 ||| FLEEEEING.
  1514 | D:3      | 1514 ||| FLEEEEING.
  1515 | D:3      | 1515 ||| FLEEEEING.
  1516 | D:3      | 1516 ||| FLEEEEING.
  1519 | D:3      | 1519 ||| STAIRDANCE
  1561 | D:2      | 1561 ||| UPGRADING to +0 ring mail.
  1571 | D:2      | 1571 ||| DROPPING +0 leather armour.
  1572 | D:2      | 1572 ||| READING 2 scrolls of identify.
  1572 | D:2      | 1572 ||| IDENTIFYING smoky clear potion
  1573 | D:2      | 1573 ||| READING scroll of identify.
  1573 | D:2      | 1573 ||| IDENTIFYING cyan potion
  1574 | D:2      | 1574 ||| READING 2 scrolls labelled JED FUMEAKEU.
  1575 | D:2      | 1575 ||| DROPPING potion of berserk rage.
  1576 | D:2      | 1576 ||| DROPPING scroll of noise.
  1722 | D:3      | Reached skill level 8 in Ranged Weapons
  2033 | D:3      | Noticed Robin
  2036 | D:3      | Killed Robin
  2037 | D:3      | Reached XP level 5. HP: 29/29 MP: 7/7
  2165 | D:3      | 2165 ||| UPGRADING to +2 pair of boots.
  2170 | D:3      | 2170 ||| UPGRADING to +0 helmet.
  2175 | D:3      | 2175 ||| READING scroll labelled BABBAEGR KEKHLE.
  2175 | D:3      | 2175 ||| ENCHANTING +0 pair of gloves.
  2306 | D:4      | Noticed a phantom
  2315 | D:4      | Killed a phantom
  2315 | D:4      | Noticed a black bear
  2328 | D:4      | Killed a black bear
  2329 | D:4      | Reached skill level 9 in Ranged Weapons
  2329 | D:4      | Reached XP level 6. HP: 12/34 MP: 8/8
  2923 | D:4      | Reached skill level 10 in Ranged Weapons
  3100 | D:4      | Reached skill level 3 in Dodging
  3100 | D:4      | Reached XP level 7. HP: 33/40 MP: 9/9
  3251 | D:4      | 3251 ||| READING 2 scrolls of identify.
  3251 | D:4      | 3251 ||| IDENTIFYING fizzy silvery potion
  3252 | D:4      | 3252 ||| READING scroll of identify.
  3252 | D:4      | 3252 ||| IDENTIFYING fizzy golden potion
  3253 | D:4      | 3253 ||| DRINKING potion of experience.
  3253 | D:4      | Reached skill level 18 in Ranged Weapons
  3253 | D:4      | Reached XP level 8. HP: 44/44 MP: 10/10
  3254 | D:4      | 3254 ||| READING scroll labelled FICUGE SIT ACY.
  3355 | D:4      | 3355 ||| READING scroll labelled ZIOVIF BIFUS.
  3355 | D:4      | 3355 ||| BRANDING +0 shortbow.
  3356 | D:4      | 3356 ||| READING scroll labelled ADOAGAROJO.
  3377 | D:5      | Entered Level 5 of the Dungeon
  3377 | D:5      | Found Rutatoos's Antique Weapon Boutique.
  3378 | D:5      | Found Jutsuydo's Assorted Antiques.
  3385 | D:5      | 3385 ||| BUYING 2 bubbling sapphire potions (54 gold).
  3385 | D:5      | Bought 2 bubbling sapphire potions for 54 gold pieces
  3385 | D:5      | 3385 ||| SHOPLISTING 3 scrolls of teleportation (270 gold,
                  | have 139).
  3385 | D:5      | 3385 ||| BUYING bubbling sapphire potion (27 gold).
  3385 | D:5      | Bought a bubbling sapphire potion for 27 gold pieces
  3385 | D:5      | 3385 ||| SHOPLISTING faintly glowing shortbow (240 gold,
                  | have 112).
  3385 | D:5      | 3385 ||| SHOPLISTING silver wand (120 gold, have 112).
  3409 | D:5      | Found Biedesai's Distillery.
  3418 | D:5      | 3418 ||| SHOPLISTING 2 potions of heal wounds (120 gold,
                  | have 112).
  3418 | D:5      | 3418 ||| BUYING potion of curing (36 gold).
  3418 | D:5      | Bought a potion of curing for 36 gold pieces
  3418 | D:5      | 3418 ||| BUYING potion of curing (36 gold).
  3418 | D:5      | Bought a potion of curing for 36 gold pieces
  3418 | D:5      | 3418 ||| SHOPLISTING potion of might (48 gold, have 40).
  3418 | D:5      | 3418 ||| SHOPLISTING potion of mutation (96 gold, have 40).
  3418 | D:5      | 3418 ||| SHOPLISTING potion of resistance (120 gold, have
                  | 40).
  3439 | D:5      | HP: 7/45 [burnt (5)]
  3440 | D:5      | HP: 2/45 [burnt (5)]
  3442 | D:5      | Incinerated by a bombardier beetle

Levels and vault maps discovered:
D:1:      dpeg_arrival_tiny_h, layout_rooms
D:2:      layout_loops_ring, shapermc_ecumenical_altar_mp_ritualfount
D:3:      layout_loops_ring, wander_ebering_terrifying_dragon_lair, uniq_robin
D:4:      layout_basic
D:5:      minmay_recursive_quarters, layout_loops_ring, serial_shops,
          nicolae_shop_industrial_runoff, shop, shop,
          nicolae_shop_advertising_works [nicolae_subvault_shop_adworks]

Skill      XL: |  1  2  3  4  5  6  7 |
---------------+----------------------+-----
Ranged Weapons | 6 7 8 9 10 18 | 18.5
Armour         | 2 |  2.1
Fighting       | 2 |  2.4
Dodging        | 3 |  3.0
Stealth        | |  1.2

Action                     |  1- 3 |  4- 6 |  7- 9 || total
---------------------------+-------+-------+-------++-------
   Fire: Shortbow          |   128 |   198 |    17 ||   343
    Use: Scroll            |     4 |     7 |     5 ||    16
         Potion            |       |       |     1 ||     1
 Armour: Leather armour    |    25 |    12 |       ||    37
         Ring mail         |       |    48 |     1 ||    49
  Dodge: Dodged            |    26 |    44 |       ||    70

Table legend:
 A = Non-vault XP
 B = Vault XP
 C = Vault XP percentage of total XP
 D = Non-vault monster count
 E = Vault monster count
 F = Vault count percentage of total count
                 A         B        C        D         E       F
            +---------+---------+-------+---------+---------+-------
      Total |     887 |      36 |   3.9 |      91 |      12 |  11.7
            +---------+---------+-------+---------+---------+-------
        D:1 |      48 |       0 |   0.0 |      26 |       0 |   0.0
        D:2 |      58 |       2 |   3.3 |      21 |       1 |   4.5
        D:3 |      68 |      34 |  33.3 |      20 |      11 |  35.5
        D:4 |     528 |       0 |   0.0 |      20 |       0 |   0.0
        D:5 |     185 |       0 |   0.0 |       4 |       0 |   0.0
            +---------+---------+-------+---------+---------+-------
